 Dungeon Crawl Stone Soup version 0.23-a0-819-g6debee6 (webtiles) character file.

3111 legiongames the Cleaver (level 9, -2/74 HPs)
             Began as a Minotaur Berserker on Jan 21, 2019.
             Was an Elder of Trog.
             Slain by an orc warrior
             ... wielding a +0 dire flail
              (11 damage)
             ... on level 6 of the Dungeon on Jan 22, 2019.
             The game lasted 00:47:57 (5862 turns).

legiongames the Cleaver (Minotaur Berserker)        Turns: 5862, Time: 00:47:58

Health: -2/74      AC:  9    Str: 30    XL:     9   Next: 60%
Magic:  17/17      EV: 14    Int:  4    God:    Trog [****..]
Gold:   344        SH:  0    Dex: 10    Spells: 8/8 levels left

rFire    . . .     SeeInvis .   m - +0 war axe
rCold    . . .     Gourm    .   (no shield)
rNeg     . . .     Faith    .   E - +0 ring mail (curse)
rPois    .         Spirit   .   y - +0 hat
rElec    .         Reflect  .   O - +0 cloak
rCorr    .         Harm     .   (no gloves)
MR       .....                  I - +0 pair of boots (curse)
Stlth    ++........             (no amulet)
HPRegen  0.22/turn              s - +5 ring of strength
MPRegen  0.15/turn              C - ring of magical power

@: berserk cooldown, slowed, very slow
A: retaliatory headbutt, horns 2
a: Berserk, Trog's Hand, Brothers in Arms, Renounce Religion


You were on level 6 of the Dungeon.
You worshipped Trog.
Trog was greatly pleased with you.
You were very hungry.

You visited 1 branch of the dungeon, and saw 7 of its levels.

You collected 344 gold pieces.

Inventory:

Hand Weapons
 a - a +0 hand axe
 m - a +0 war axe (weapon)
 q - a +0 hand axe
 u - a +1 rapier of speed
 D - a +0 giant club
 K - a +0 hand axe
 L - a +2 quarterstaff of protection
 Q - a +2 shortbow of velocity
Missiles
 f - 259 stones (quivered)
 R - 26 arrows
 S - 8 javelins
Armour
 o - a +0 ring mail
 y - a +0 hat (worn)
 B - a +1 pair of boots
 E - a cursed +0 ring mail (worn)
 I - a cursed +0 pair of boots (worn)
 J - a +1 leather armour of magic resistance
 N - a +0 chain mail
 O - a +0 cloak (worn)
 P - a +1 leather armour of positive energy
Jewellery
 s - a +5 ring of strength (left hand)
 C - a ring of magical power (right hand)
Wands
 F - a wand of disintegration (15)
 G - a wand of random effects (32)
Scrolls
 b - 4 scrolls of identify
 e - 2 scrolls of fear
 g - a scroll of enchant armour {unknown}
 k - 2 scrolls of magic mapping
 p - 3 scrolls of enchant weapon
 r - a scroll of immolation {unknown}
 w - 3 scrolls of teleportation {unknown}
 x - 3 scrolls of fog
 z - 2 scrolls of amnesia {unknown}
 A - a scroll of random uselessness
Potions
 d - 3 potions of heal wounds {unknown}
 h - 4 potions of curing {unknown}
 i - 2 potions of mutation {unknown}
 j - 3 potions of brilliance {unknown}
 l - a potion of haste {unknown}
 n - 2 potions of flight {unknown}
 t - a potion of agility {unknown}
 v - a potion of lignification {unknown}
 H - a potion of might {unknown}
 M - a potion of ambrosia {unknown}
 T - a potion of invisibility {unknown}
Comestibles
 c - 10 rations


   Skills:
 - Level 5.0 Fighting
 - Level 10.1 Axes
 + Level 9.4 Armour
 + Level 6.7 Dodging
 + Level 3.8 Stealth


You had 8 spell levels left.
You didn't know any spells.
Your spell library was empty.

Dungeon Overview and Level Annotations

Branches:
Dungeon (7/15)             Temple (0/1) D:5

Altars:
Ashenzari
Fedhas
Gozag
Hepliaklqana
Qazlal
Xom
The Shining One

Shops:
D:5 %   D:6 (

Annotations:
D:1 exclusion: downstairs


Innate Abilities, Weirdness & Mutations

You reflexively headbutt those who attack you in melee.
You have a pair of horns on your head.


Message History

You are feeling very hungry.
The leopard gecko closely misses you. You furiously retaliate!
You headbutt the leopard gecko!
You kill the leopard gecko!
Trog accepts your kill.
You feel the effects of Trog's Hand fading.
Your skin stops crawling.
You feel less resistant to hostile enchantments.
There is an escape hatch in the ceiling here.
The orc warrior hits you with a +0 dire flail.
The shadow imp misses you. You furiously retaliate!
You headbutt the shadow imp!
You kill the shadow imp!
Trog accepts your kill. A mysterious force pulls you upwards.
The hatch slams shut behind you.
The orc warrior hits you with a +0 dire flail!!
* * * LOW HITPOINT WARNING * * *
There is an open door, spattered with blood here.
The orc warrior hits you with a +0 dire flail!
You die...

#.#..))..# #..# #.. #.#.###))#
##.# ### #.#.###..###### #.##
#.#.#.........###..###########
#.#.##.........<..............
#.#....#.####.####..##########
#.####.#.# #.# ##.# #
#.######.# #.# #.# #
#........# #@# #.## #
########## #o# #..# #######
#####'######.###......
#..........#..##......
#.#........##.##......
#.#........##.########
#.#........##..# #
########'########.....# #
#...............#.....## #


You could see an orc warrior.

Vanquished Creatures
  A two-headed ogre (D:5)
  Grinder (D:3)
  Eustachio (D:5)
  Duvessa (D:6)
  An ice beast (D:7)
  An orc warrior (D:6)
  A sky beast (D:7)
  A centaur (D:7)
  3 ogres
  A big kobold (D:7)
  5 bullfrogs
  Dowan (D:6)
  A scorpion (D:4)
  A water moccasin skeleton (D:4)
  A crimson imp (D:6)
  A centaur zombie (D:6)
  3 hounds
  A jelly (D:6)
  A bullfrog skeleton (D:4)
  An orc wizard (D:4)
  2 gnoll shamans (D:4)
  2 iguanas
  5 worker ants
  A hound zombie (D:6)
  A worker ant zombie (D:3)
  9 adders
  14 gnolls
  A howler monkey skeleton (D:6)
  2 shadow imps
  An ooze (D:1)
  An adder zombie (D:7)
  2 worms
  3 dart slugs
  3 leopard geckos
  15 orcs
  5 giant cockroaches
  5 goblins
  6 hobgoblins
  11 jackals
  12 kobolds
  A quokka (D:5)
  3 ball pythons
  10 bats
  4 frilled lizards
  A giant cockroach zombie (D:6)
  A leopard gecko skeleton (D:5)
  A quokka skeleton (D:7)
  5 rats
155 creatures vanquished.

Notes
Turn   | Place    | Note
-------+----------+-------------------------------------------
     0 | D:1      | legiongames the Minotaur Berserker began the quest for the
                  | Orb.
     0 | D:1      | Reached XP level 1. HP: 19/19 MP: 0/0
    44 | D:1      | Reached XP level 2. HP: 19/27 MP: 1/1
   152 | D:1      | Reached skill level 4 in Axes
   433 | D:1      | Reached ** piety under Trog
   444 | D:1      | Reached XP level 3. HP: 30/33 MP: 2/2
   718 | D:2      | Found an opulent altar of Gozag.
  1352 | D:2      | Reached XP level 4. HP: 41/41 MP: 3/3
  1392 | D:3      | Reached skill level 5 in Axes
  1667 | D:3      | Reached XP level 5. HP: 23/47 MP: 4/4
  2191 | D:3      | Found a shattered altar of Ashenzari.
  2194 | D:3      | Reached skill level 6 in Axes
  2279 | D:3      | Noticed Grinder
  2394 | D:3      | Killed Grinder
  2394 | D:3      | Reached skill level 5 in Fighting
  2394 | D:3      | Reached skill level 7 in Axes
  2394 | D:3      | Reached XP level 6. HP: 56/56 MP: 5/5
  2504 | D:3      | Reached *** piety under Trog
  2735 | D:3      | Found a blossoming altar of Fedhas.
  3189 | D:4      | Reached XP level 7. HP: 56/61 MP: 6/6
  3217 | D:4      | Reached skill level 8 in Axes
  3690 | D:5      | Entered Level 5 of the Dungeon
  3707 | D:5      | Reached skill level 9 in Axes
  3731 | D:5      | Noticed a two-headed ogre
  3965 | D:5      | Reached XP level 8. HP: 66/68 MP: 7/7
  4195 | D:5      | Noticed Eustachio
  4203 | D:5      | Killed Eustachio
  4203 | D:5      | Reached skill level 10 in Axes
  4203 | D:5      | Reached skill level 5 in Armour
  4408 | D:5      | Found a staircase to the Ecumenical Temple.
  4427 | D:5      | Killed a two-headed ogre
  4427 | D:5      | Reached skill level 5 in Dodging
  4653 | D:5      | Found Unatugga's Food Boutique.
  4696 | D:5      | Found a glowing golden altar of the Shining One.
  4845 | D:6      | Reached XP level 9. HP: 71/74 MP: 8/8
  4960 | D:6      | Reached **** piety under Trog
  5191 | D:6      | Found Lyqatim's Antique Weapon Boutique.
  5265 | D:6      | Noticed Duvessa
  5267 | D:6      | Noticed Dowan
  5278 | D:6      | Killed Duvessa
  5284 | D:6      | Killed Dowan
  5781 | D:7      | Found a shimmering altar of Xom.
  5782 | D:7      | Found a hazy altar of Hepliaklqana.
  5783 | D:7      | Noticed a spectral ugly thing
  5814 | D:7      | Found a stormy altar of Qazlal.
  5862 | D:6      | Slain by an orc warrior

Vault maps used:
D:1:      lemuel_arrival_broad_hall
D:2:      grunt_gozag_statues
D:3:      lemuel_coloured_pillars_altar, lemuel_round_altar, minmay_checkerbox,
          uniq_grinder
D:4:      minmay_bent
D:5:      kennysheep_mini, minmay_temple_entry_hall, first_ration, serial_shops,
          shop, uniq_eustachio
D:6:      serial_shops, kennysheep_mini_moat, kennysheep_generic_room_5,
          uniq_duvessa
D:7:      led_sif_pool, grunt_qazlal_clouds, regret_index_temple_of_mockery,
          minmay_circle_x

Skill      XL: |  1  2  3  4  5  6  7  8  9 |
---------------+----------------------------+-----
Fighting       | 4 5 |  5.0
Axes           | 4 5 7 9 10 | 10.1
Armour         | 3 4 7 9 |  9.4
Dodging        | 3 5 6 |  6.7
Stealth        | 2 3 |  3.8

Action                   |  1- 3 |  4- 6 |  7- 9 || total
-------------------------+-------+-------+-------++-------
Melee: Hand axe          |    61 |     4 |       ||    65
       Headbutt          |     8 |    20 |    26 ||    54
       War axe           |       |    77 |   163 ||   240
Throw: Stone             |       |       |    17 ||    17
Invok: Berserk           |       |     2 |     3 ||     5
       Trog's Hand       |       |       |     1 ||     1
  Use: Scroll            |       |       |     6 ||     6
 Stab: Distracted        |       |       |     1 ||     1
  Eat: Chunk             |     1 |     5 |     7 ||    13
       Ration            |       |     1 |     1 ||     2
Armor: Animal skin       |     5 |       |       ||     5
       Leather armour    |    10 |       |       ||    10
       Ring mail         |       |    23 |    53 ||    76
Dodge: Dodged            |    64 |    74 |   128 ||   266

Table legend:
 A = Non-vault XP
 B = Vault XP
 C = Vault XP percentage of total XP
 D = Non-vault monster count
 E = Vault monster count
 F = Vault count percentage of total count
                 A         B        C        D         E       F
            +---------+---------+-------+---------+---------+-------
      Total |    3359 |    1086 |  24.4 |     137 |      18 |  11.6
            +---------+---------+-------+---------+---------+-------
        D:1 |      48 |       0 |   0.0 |      26 |       0 |   0.0
        D:2 |      52 |       0 |   0.0 |      16 |       0 |   0.0
        D:3 |     177 |     320 |  64.4 |      25 |       4 |  13.8
        D:4 |     387 |     164 |  29.8 |      12 |       7 |  36.8
        D:5 |    1272 |     211 |  14.2 |      21 |       1 |   4.5
        D:6 |     723 |     364 |  33.5 |      21 |       3 |  12.5
        D:7 |     700 |      27 |   3.7 |      16 |       3 |  15.8
            +---------+---------+-------+---------+---------+-------
